 Dungeon Crawl Stone Soup version 0.20-a0-351-gc9b4002 (webtiles) character file.

127 Duffy the Chopper (level 4, -2/35 HPs)
             Began as a Demonspawn Monk on Dec 26, 2016.
             Slain by an orc priest
             ... wielding a +0 short sword
              (3 damage)
             ... on level 2 of the Dungeon.
             The game lasted 00:03:33 (3439 turns).

Duffy the Chopper (Demonspawn Monk)                 Turns: 3439, Time: 00:03:34

Health: -2/35      AC:  9    Str: 13    XL:     4   Next: 85%
Magic:  4/4        EV:  6    Int: 11    God:
Gold:   57         SH:  0    Dex: 15    Spells: 3/3 levels left

rFire  . . .     SeeInvis .     a - +0 hand axe
rCold  . . .     Gourm    .     q - +0 chain mail
rNeg   . . .     Faith    +     (no shield)
rPois  .         Spirit   .     (no helmet)
rElec  .         Reflect  .     (no cloak)
rCorr  .         Harm     .     f - +0 pair of gloves
MR     .....                    (no boots)
Stlth  ..........               m - amulet of faith
                                (no ring)
                                (no ring)

@: no status effects
A: hooves 1, powered by death 1
a: no special abilities


You were on level 2 of the Dungeon.
You were not hungry.

You visited 1 branch of the dungeon, and saw 3 of its levels.

You collected 57 gold pieces.

Inventory:

Hand Weapons
 a - a +0 hand axe (weapon)
Armour
 b - a +0 robe
 f - a +0 pair of gloves (worn)
 k - a +0 leather armour
 p - a +0 ring mail
 q - a +0 chain mail (worn)
Jewellery
 m - an amulet of faith (around neck)
 t - a cursed amulet of inaccuracy {unknown}
Scrolls
 d - a scroll of teleportation
 j - a scroll of remove curse {unknown}
 o - a scroll of magic mapping {unknown}
 u - a scroll of identify {unknown}
Potions
 e - a potion of mutation {unknown}
 g - a potion of might {unknown}
 i - a potion of heal wounds {unknown}
 l - 3 potions of curing
 n - a potion of resistance {unknown}
 s - a potion of agility {unknown}
Comestibles
 c - 2 bread rations
 h - a beef jerky
 r - 3 chunks of flesh


   Skills:
 - Level 3.0 Fighting
 + Level 4.8 Axes
 + Level 1.1 Armour
 - Level 2.6 Dodging
 - Level 1.7 Stealth


You had 3 spell levels left.
You didn't know any spells.

Dungeon Overview and Level Annotations

Branches:
Dungeon (3/15)

Altars:
Trog
Uskayaw
Vehumet

Annotations:
D:2 exclusions: adder and ooze


Innate Abilities, Weirdness & Mutations

You have large cloven feet.
You regenerate a little health from kills.


Message History

You are too injured to fight recklessly!
You are too injured to fight recklessly!
You are too injured to fight recklessly!
You are too injured to fight recklessly!
You are too injured to fight recklessly!
You are too injured to fight recklessly!
You are too injured to fight recklessly!
You are too injured to fight recklessly!
You are too injured to fight recklessly!
You closely miss the orc priest.
The orc priest is heavily wounded.
The orc priest hits you with a short sword.
You hit the orc priest.
The orc priest is heavily wounded.
The orc priest invokes the aid of Beogh against you.
Pain shoots through your body!
You hit the orc priest.
The orc priest is almost dead.
The orc priest hits you with a short sword.
You die...

#.#..##............##.#...###.#
#[#..#####....<..#..##.....#..#
#.#..# #.......##.....##..#.#
#.#..# ##.).....##....#.##)#.##
#.#..# #....#.........##.#..%..
#.#..# #.#....#.......(###...##
#.#..# #.#.#.##.######.....####
#.#..####.#.#.##o# ##.#### #
#..............@%# #.# #
###..####.#.#.##)# #.# #
#..............# #.# #
#######.#.###### #.# #
#.......# #.# #######.#
###.####### #.# #.......... #.#
#.######### #.######.#


You could see an orc priest.

Vanquished Creatures
  Ijyb (D:2)
  3 adders (D:2)
  An ooze (D:1)
  2 worms (D:2)
  A dart slug (D:1)
  2 leopard geckos
  2 orcs (D:2)
  4 giant cockroaches
  A goblin (D:2)
  11 hobgoblins
  6 jackals (D:2)
  6 kobolds
  2 quokkas (D:2)
  5 bats
  5 frilled lizards
  4 rats
56 creatures vanquished.

Vanquished Creatures (others)
  An adder (D:2)
  A quokka (D:2)
2 creatures vanquished.

Grand Total: 58 creatures vanquished

Notes
Turn   | Place    | Note
-------+----------+-------------------------------------------
     0 | D:1      | Duffy the Demonspawn Monk began the quest for the Orb.
     0 | D:1      | Reached XP level 1. HP: 18/18 MP: 1/1
   216 | D:1      | Reached skill level 3 in Axes
   293 | D:1      | Gained mutation: You regenerate a little health from kills. [demonic ancestry]
   293 | D:1      | Reached XP level 2. HP: 10/24 MP: 2/2
  1221 | D:2      | Reached XP level 3. HP: 25/29 MP: 3/3
  1487 | D:2      | Reached skill level 4 in Axes
  1532 | D:2      | Found a bloodstained altar of Trog.
  2097 | D:2      | Gained mutation: You have large cloven feet. [demonic ancestry]
  2097 | D:2      | Reached XP level 4. HP: 31/35 MP: 4/4
  2363 | D:2      | Found a radiant altar of Vehumet.
  2445 | D:2      | Noticed Ijyb
  2471 | D:2      | Killed Ijyb
  2772 | D:2      | Found a hide-covered altar of Uskayaw.
  3051 | D:2      | Reached skill level 1 in Armour
  3438 | D:2      | HP: 1/35 [orc priest/nerve-wracking pain (4)]
  3439 | D:2      | Slain by an orc priest

Vault maps used:
D:1:      dpeg_arrival_water_temple_mockup, minmay_crystal_room,
          minmay_misc_feat_roman
D:2:      lightli_temple_of_fire, lemuel_round_altar, fiery_altar_vehumet,
          minmay_bisected, uniq_iyjb
D:3:      kennysheep_generic_room_4

Skill      XL: |  1  2  3  4 |
---------------+-------------+-----
Axes           | 3 4 |  4.8
Armour         | 1 |  1.1
Fighting       | |  3.0
Dodging        | |  2.6
Stealth        | |  1.7

Action                   |  1- 3 |  4- 6 || total
-------------------------+-------+-------++-------
Melee: Hand axe          |   172 |   142 ||   314
       Kick              |       |    36 ||    36
  Use: Scroll            |     1 |       ||     1
       Potion            |     1 |       ||     1
 Stab: Sleeping          |     6 |       ||     6
  Eat: Chunk             |     4 |     4 ||     8
Armor: Robe              |    16 |       ||    16
       Leather armour    |    24 |    11 ||    35
       Chain mail        |       |    89 ||    89
Dodge: Dodged            |   110 |    62 ||   172
